 Dungeon Crawl Stone Soup version 0.30.0-5-g1a98f26d00 (webtiles) character file.

Game seed: 5932198456527004456

1573 McKennaii the Destroyer (level 8, -2/57 HPs)
             Began as a Demigod Conjurer on May 11, 2023.
             Slain by Edmund
             ... wielding a +5 flail of holy wrath
              (9 damage)
             ... on level 6 of the Dungeon.
             The game lasted 00:04:42 (6225 turns).

McKennaii the Destroyer (Demigod Conjurer)          Turns: 6225, Time: 00:04:43

Health: -2/57      AC:  3    Str:  8    XL:     8   Next: 33%
Magic:  4/21       EV: 12    Int: 28    God:
Gold:   217        SH:  0    Dex: 12    Spells: 13/20 levels left

rFire   . . .        (no weapon)
rCold   . . .        (no shield)
rNeg    . . .        a - +0 robe
rPois   .            h - +0 helmet
rElec   .            (no cloak)
rCorr   .            (no gloves)
SInv    .            (no boots)
Will    +....        (no amulet)
Stlth   ++           e - ring of willpower
HPRegen 0.29/turn    (no ring)
MPRegen 0.17/turn

%: no passive effects
@: very slightly contaminated
A: high MP 1, forlorn, divine attributes
a: no special abilities


You were on level 6 of the Dungeon.
You visited 1 branch of the dungeon, and saw 6 of its levels.

You collected 247 gold pieces.
You spent 30 gold pieces at shops.

Inventory:

Armour
 a - a +0 robe (worn)
 h - a +0 helmet (worn)
Jewellery
 e - a ring of willpower (left hand)
Wands
 o - a wand of flame (8)
 s - a wand of paralysis (6)
 u - a wand of mindburst (20)
 y - a wand of light (9)
Scrolls
 d - 8 scrolls of identify {unknown}
 f - 2 scrolls of magic mapping {unknown}
 g - a scroll of enchant weapon {unknown}
 i - a scroll of noise {unknown}
 j - 2 scrolls of silence {unknown}
 k - 4 scrolls of teleportation
 m - a scroll of amnesia {unknown}
 n - a scroll of immolation {unknown}
 q - a scroll of fog {unknown}
 r - a scroll of butterflies {unknown}
 v - a scroll of torment {unknown}
 w - a scroll of blinking {unknown}
 x - 2 scrolls of vulnerability {unknown}
Potions
 b - a potion of magic
 c - a potion of haste {unknown}
 l - 4 potions of curing {unknown}
 p - 6 potions of mutation {unknown}
 t - 2 potions of resistance {unknown}
 z - a potion of berserk rage {unknown}
 A - a potion of brilliance {unknown}
 B - a potion of flight {unknown}
 C - a potion of ambrosia {unknown}
 D - a potion of heal wounds {unknown}


   Skills:
 - Level 1.7 Dodging
 - Level 1.7 Stealth
 + Level 6.6 Spellcasting
 + Level 8.0 Conjurations


You had 13 spell levels left.
You knew the following spells:

 Your Spells              Type           Power      Damage    Failure   Level
a - Magic Dart            Conj           100%       1d8       1%          1
b - Searing Ray           Conj           100%       2d8       1%          2
c - Iskenderun's Mystic   Conj/Tloc      31%        2d8       11%         4

Your spell library contained the following spells:

 Spells                   Type           Power      Damage    Failure   Level
 Kiss of Death            Conj/Necr      100%       2d13      1%          1
 Dazzling Flash           Conj/Hex       62%        N/A       3%          3
 Mephitic Cloud           Conj/Pois/Air  24%        N/A       5%          3
 Cigotuvi's Dreadful Rot  Necr/Pois/Air  18%        N/A       9%          2
 Poisonous Vapours        Pois/Air       18%        N/A       9%          2
 Fulminant Prism          Conj/Hex       15%        3d11      11%         4
 Confusing Touch          Hex            9%         N/A       17%         3
 Ignite Poison            Fire/Tmut/Pois 9%         N/A       17%         3
 Freezing Cloud           Conj/Ice/Air   12%        6-21      45%         5
 Dispel Undead            Necr           9%         3d8       50%         4


Dungeon Overview and Level Annotations

Branches:
Dungeon (6/15)             Temple (0/1) D:6

Shops:
D:1 [   D:2 ?

Annotations:
D:6 Edmund


Innate Abilities, Weirdness & Mutations

You have an increased reservoir of magic. (+10% MP)
You shall have no god before yourself.
Your divine heritage dramatically boosts your attributes as you level up.


Message History

(Press . to maintain the ray.) Edmund hits you with a +5 flail of holy wrath!
The searing ray hits Edmund!
Edmund is moderately wounded.
Edmund hits you with a +5 flail of holy wrath!
The searing ray hits Edmund.
Edmund is heavily wounded.
Edmund hits you with a +5 flail of holy wrath.
The searing ray misses Edmund.
You finish channelling your searing ray.
Edmund hits you with a +5 flail of holy wrath.
Unknown command.
Casting: Searing Ray (safe; 1% risk of failure)
Confirm with . or Enter, or press ? or * to list all spells.
You erupt in a blast of force!
The mystic blast hits Edmund.
Edmund is heavily wounded.
Edmund is knocked back by the mystic blast.
Edmund is nearby!
Casting: Iskenderun's Mystic Blast (dangerous; 11% risk of failure)
Confirm with . or Enter, or press ? or * to list all spells.
You miscast Iskenderun's Mystic Blast.
You are very lightly contaminated with residual magic.
Nothing appears to happen.
Edmund misses you.
Unknown command.
Edmund attacks as you move away! Edmund barely misses you.
Aiming: Mindburst
Press: ? - help, Shift-Dir - straight line, f/p - Edmund
Aim: Edmund, wielding a +5 flail of holy wrath and wearing a +0 chain mail (heavily wounded, chance to affect: 64%) Edmund struggles to resist.
Edmund hits you with a +5 flail of holy wrath!
* * * LOW HITPOINT WARNING * * *
Okay, then.
Aiming: Bolt of Light
Press: ? - help, Shift-Dir - straight line, f/p - Edmund
Aim: Edmund, wielding a +5 flail of holy wrath and wearing a +0 chain mail (heavily wounded, 79% to hit)
The bolt of light hits Edmund.
Edmund is severely wounded.
Edmund is blinded.
Edmund hits you with a +5 flail of holy wrath!
You die...

#######.#.......#..##
...#)#.+.......†....
....#.........#####
#...#.#.......#
#...#.#########
#...#.#<# # #...#...#
#. #.......#
#).#@@...#.#
#......#.#.#
#..##..#.#.# #.
#[..#.#.# # ##..#.#.#
##.#.#.# ..#...#
..#.. ..#


You could see Edmund (blind).

Vanquished Creatures
  Grinder (D:3)
  Sigmund (D:6)
  2 black bears
  2 ogres (D:5)
  2 centaurs (D:5)
  2 kobold brigands (D:3)
  A bullfrog (D:6)
  A scorpion (D:5)
  A jelly (D:5)
  A hound (D:4)
  Jessica (D:3)
  Ijyb (D:3)
  3 iguanas
  5 gnolls
  8 adders
  A white imp (D:5)
  A worm (D:3)
  3 dart slugs
  9 orcs
  14 bats
  10 endoplasms
  2 giant cockroaches
  6 goblins
  13 hobgoblins
  2 jackals (D:2)
  4 quokkas
  9 ball pythons
  4 frilled lizards
  18 kobolds
  4 rats (D:1)
132 creatures vanquished.

Notes
Turn   | Place    | Note
-------+----------+-------------------------------------------
     0 | D:1      | McKennaii the Demigod Conjurer began the quest for the Orb.
     0 | D:1      | Reached XP level 1. HP: 14/14 MP: 5/5
   286 | D:1      | Reached XP level 2. HP: 20/20 MP: 4/7
   455 | D:1      | Reached skill level 4 in Conjurations
  1128 | D:1      | Found Beocrusk's Armour Shop.
  1327 | D:2      | Reached XP level 3. HP: 26/26 MP: 2/9
  1432 | D:2      | Learned a level 2 spell: Searing Ray
  1613 | D:2      | Found Quulon's Magic Scroll Shop.
  1639 | D:2      | Bought a scroll of teleportation for 30 gold pieces
  1923 | D:2      | Reached XP level 4. HP: 33/33 MP: 1/11
  2513 | D:3      | Noticed Ijyb
  2723 | D:3      | Learned a level 4 spell: Iskenderun's Mystic Blast
  2751 | D:3      | Killed Ijyb
  2843 | D:3      | Noticed Grinder
  2864 | D:3      | Killed Grinder
  2865 | D:3      | Reached skill level 5 in Conjurations
  2865 | D:3      | Reached XP level 5. HP: 38/38 MP: 2/14
  2865 | D:3      | Reached XP level 6. HP: 45/45 MP: 2/15
  3460 | D:3      | Reached skill level 6 in Conjurations
  3610 | D:3      | Noticed Jessica
  3615 | D:3      | Killed Jessica
  4134 | D:4      | Reached XP level 7. HP: 50/50 MP: 14/17
  4391 | D:4      | Reached skill level 5 in Spellcasting
  4910 | D:5      | Entered Level 5 of the Dungeon
  5328 | D:5      | Reached skill level 7 in Conjurations
  5585 | D:5      | Reached XP level 8. HP: 55/57 MP: 13/20
  6098 | D:6      | Found a staircase to the Ecumenical Temple.
  6211 | D:6      | Noticed Sigmund
  6212 | D:6      | Noticed Edmund
  6216 | D:6      | Killed Sigmund
  6217 | D:6      | Reached skill level 8 in Conjurations
  6225 | D:6      | Slain by Edmund

Illustrated notes

Levels and vault maps discovered:
D:1:      ncdulo_lavacross, layout_basic, serial_shops, nicolae_shop_stone,
          minmay_unequal
D:2:      layout_loops_ring, serial_shops, shop, serial_bayou_lake_a
D:3:      cheibrodos_thug_alley, layout_basic, minmay_joined_circles,
          uniq_jessica, uniq_grinder, uniq_ijyb
D:4:      layout_loops_cross, jmf_multi_god_temple, serial_rivers,
          chequers_serial_rivers_large_b, chequers_serial_rivers_micro_a,
          chequers_serial_rivers_micro_e, chequers_serial_rivers_micro_a
D:5:      layout_cave_pools, nicolae_overflow_hidden_temple,
          dreamdust_mushroom_princess, saegor_snake_ambush
D:6:      layout_basic, minmay_temple_entry_offerings, sigmund_edmund_badplayer

Skill      XL: |  1  2  3  4  5  6  7  8 |
---------------+-------------------------+-----
Spellcasting   | 2 3 4 6 |  6.6
Conjurations   | 4 5 6 7 8 |  8.0
Dodging        | |  1.7
Stealth        | |  1.7

Action                     |  1- 3 |  4- 6 |  7- 9 || total
---------------------------+-------+-------+-------++-------
  Melee: Unarmed           |    16 |       |       ||    16
   Cast: Magic Dart        |   100 |    95 |    71 ||   266
         Searing Ray       |     1 |     8 |    11 ||    20
         Iskenderun's Myst |       |       |     1 ||     1
  Evoke: Wand              |       |     3 |     2 ||     5
 Armour: Robe              |    10 |     2 |     6 ||    18
  Dodge: Dodged            |    41 |    10 |    21 ||    72
